 Dungeon Crawl Stone Soup version 0.20-a0-38-g7d30548 (webtiles) character file.

702 FrankyJ the Skirmisher (level 7, -5/56 HPs)
             Began as a Demonspawn Gladiator on Nov 10, 2016.
             Was a Follower of Makhleb.
             Slain by a sky beast (6 damage)
             ... on level 5 of the Dungeon.
             The game lasted 00:18:26 (5049 turns).

FrankyJ the Skirmisher (Demonspawn Gladiator)       Turns: 5049, Time: 00:18:28

Health: -5/56      AC:  7    Str: 15    XL:     7   Next: 38%
Magic:  7/7        EV: 13    Int: 10    God:    Makhleb [*.....]
Gold:   230        SH:  0    Dex: 15    Spells: 0 memorised, 6 levels left

rFire  . . .     SeeInvis .     a - +0 trident
rCold  . . .     Gourm    .     b - +0 leather armour
rNeg   . . .     Faith    .     (no shield)
rPois  +         Spirit   .     c - +0 helmet
rElec  .         Reflect  .     (no cloak)
rCorr  .         Harm     .     e - +0 pair of gloves
MR     .....                    (no boots)
Stlth  +++.......               q - amulet of rage
                                l - ring of stealth
                                p - ring of poison resistance

@: no status effects
A: molten scales 1, powered by pain 2
a: Renounce Religion, Evoke Berserk Rage


You were on level 5 of the Dungeon.
You worshipped Makhleb.
Makhleb was aware of your devotion.
You were not hungry.

You visited 1 branch of the dungeon, and saw 5 of its levels.

You collected 230 gold pieces.

Inventory:

Hand Weapons
 a - a +0 trident (weapon)
 n - a +0 scythe
Missiles
 d - 3 throwing nets (quivered)
Armour
 b - a +0 leather armour (worn)
 c - a +0 helmet (worn)
 e - a +0 pair of gloves (worn)
 x - a +0 plate armour
 z - a +0 pair of boots
 A - a +0 chain mail
 J - a +2 leather armour of cold resistance
Magical Staves
 y - an uncursed staff of air {unknown}
Jewellery
 i - an uncursed ring of resist corrosion
 l - a ring of stealth (right hand)
 p - a ring of poison resistance (left hand)
 q - an amulet of rage (around neck)
 D - an uncursed amulet of faith {unknown}
Wands
 u - a wand of lightning (0/15)
 H - a wand of polymorph (10/24)
Scrolls
 o - a scroll of magic mapping {unknown}
 r - a scroll of enchant weapon {unknown}
 t - a scroll of immolation {unknown}
 w - 3 scrolls of remove curse {unknown}
 C - 2 scrolls of amnesia {unknown}
 F - a scroll of teleportation
 G - 2 scrolls of fear {unknown}
 I - a scroll of summoning {unknown}
Potions
 h - a potion of flight
 k - a potion of cure mutation
 m - a potion of agility
 v - a potion of resistance
 B - a potion of cancellation {unknown}
Books
 E - a book of Summonings

   Spells                             Type                      Level
   a - Recall                         Summoning/Translocation      3
   b - Aura of Abjuration             Summoning                    5
   c - Summon Demon                   Summoning                    5
   d - Summon Forest                  Summoning/Translocation      5
   e - Summon Mana Viper              Hexes/Summoning              5
   f - Shadow Creatures               Summoning                    6
Comestibles
 f - 7 bread rations
 g - 3 fruits
 j - 3 meat rations
 s - a royal jelly


   Skills:
 + Level 5.1 Fighting
 - Level 4.1 Polearms
 - Level 3.0 Throwing
 + Level 3.3 Armour
 - Level 3.2 Dodging
 - Level 1.2 Stealth


You had 6 spell levels left.
You didn't know any spells.

Dungeon Overview and Level Annotations

Branches:
Dungeon (5/15)
 Temple: D:4-7

Altars:
Fedhas
Gozag
Makhleb
Nemelex Xobeh
Ru
Zin


Innate Abilities, Weirdness & Mutations

You are partially covered in molten scales. (AC +2)
You sometimes gain power by taking damage.


Message History

You hit the sky beast but do no damage.
The sky beast is almost dead.
The sky beast barely misses you.
You hit the sky beast.
The sky beast is almost dead.
The sky beast flickers out of sight!
Deactivating autopickup; reactivate with Ctrl-A.
Something hits you but does no damage.
You barely miss something. Something hits you.
* * * LOW HITPOINT WARNING * * *
Something shocks you.
* * * LOW HITPOINT WARNING * * *
You closely miss something. Something hits you.
* * * LOW HITPOINT WARNING * * *
Something shocks you.
* * * LOW HITPOINT WARNING * * *
Something hits you.
* * * LOW HITPOINT WARNING * * *
Something shocks you.
You die...

#### .... #### ###
######### #@#
##.......# #{#
#........# #.#
#........# #####.#
#........## #.....#
#..........
#.###......#........##
#.# .......#........#
#.#.#......#.#########
#####.#.#......#.# #..


There were no monsters in sight!

Vanquished Creatures
  Sigmund (D:3)
  A phantom (D:4)
  2 hounds
  A bullfrog skeleton (D:5)
  2 orc wizards
  An iguana (D:4)
  3 worker ants
  A hound skeleton (D:4)
  9 adders
  2 howler monkey skeletons (D:4)
  4 worms
  3 dart slugs
  2 leopard geckos
  7 orcs
  A ball python (D:2)
  13 bats
  4 giant cockroaches
  8 goblins
  4 hobgoblins
  A jackal (D:1)
  5 kobolds
  2 quokkas
  2 frilled lizards
  2 jackal skeletons (D:4)
  A quokka skeleton (D:3)
  23 rats
105 creatures vanquished.

Notes
Turn   | Place    | Note
-------+----------+-------------------------------------------
     0 | D:1      | FrankyJ the Demonspawn Gladiator began the quest for the Orb.
     0 | D:1      | Reached XP level 1. HP: 16/16 MP: 1/1
   155 | D:1      | Gained mutation: You sometimes gain a little power by taking damage. [demonic ancestry]
   155 | D:1      | Reached XP level 2. HP: 22/22 MP: 2/2
   635 | D:2      | Found a faded altar of an unknown god.
   641 | D:2      | Reached XP level 3. HP: 26/27 MP: 3/3
  1300 | D:2      | Gained mutation: You are partially covered in molten scales. (AC +2) [demonic ancestry]
  1300 | D:2      | Reached XP level 4. HP: 33/33 MP: 4/4
  1409 | D:2      | Found a burning altar of Makhleb.
  1438 | D:2      | Reached skill level 1 in Stealth
  1520 | D:2      | Became a worshipper of Makhleb the Destroyer
  2081 | D:3      | Noticed Sigmund
  2108 | D:2      | Gained mutation: You sometimes gain power by taking damage. [demonic ancestry]
  2108 | D:2      | Reached XP level 5. HP: 36/39 MP: 5/5
  2130 | D:3      | Killed Sigmund
  2130 | D:3      | Reached skill level 3 in Fighting
  2130 | D:3      | Reached XP level 6. HP: 39/47 MP: 6/6
  2145 | D:3      | Reached skill level 1 in Armour
  2315 | D:3      | Found a blossoming altar of Fedhas.
  2407 | D:3      | Reached * piety under Makhleb
  3056 | D:4      | Reached skill level 4 in Fighting
  3242 | D:4      | Found an opulent altar of Gozag.
  3242 | D:4      | Found a glowing silver altar of Zin.
  3759 | D:4      | Reached XP level 7. HP: 29/55 MP: 7/7
  3764 | D:4      | Found a sacrificial altar of Ru.
  4482 | D:5      | Entered Level 5 of the Dungeon
  4482 | D:5      | Found a sparkling altar of Nemelex Xobeh.
  4737 | D:5      | Reached skill level 5 in Fighting
  5049 | D:5      | HP: 1/56 [something (2)]
  5049 | D:5      | Slain by a sky beast

Vault maps used:
D:1:      dpeg_arrival_oval, st_stairs_8
D:2:      ecumenical_altar_1, makhleb_blood_cavern_becter
D:3:      nicolae_overflow_hidden_temple, minmay_rat_hole, uniq_sigmund
D:4:      grunt_temple_overflow_gold_and_silver,
          nicolae_ru_sacrificial_ziggurat, kennysheep_generic_room_15
D:5:      lemuel_round_altar, nemelex_xobeh_ov_fountains_minmay, first_bread

Skill      XL: |  1  2  3  4  5  6  7 |
---------------+----------------------+-----
Polearms       | 3 4 |  4.1
Dodging        | 3 |  3.2
Stealth        | 1 |  1.2
Fighting       | 3 4 5 |  5.1
Throwing       | 3 |  3.0
Armour         | 2 3 |  3.3

Action                   |  1- 3 |  4- 6 |  7- 9 || total
-------------------------+-------+-------+-------++-------
Melee: Trident           |   128 |   244 |   115 ||   487
Throw: Throwing net      |       |     2 |       ||     2
Evoke: Wand              |       |     5 |       ||     5
  Use: Scroll            |       |     7 |       ||     7
 Stab: Sleeping          |     6 |     8 |     1 ||    15
       Distracted        |       |     1 |       ||     1
  Eat: Chunk             |     1 |     9 |     4 ||    14
Armor: Leather armour    |    36 |    44 |    45 ||   125
Dodge: Dodged            |    95 |   157 |    65 ||   317
